 Dungeon Crawl Stone Soup version 0.22.0-60-ga52c2fcf6e (webtiles) character file.

1619 JedernureinKreuz the Conjurer (level 8, 0/58 (59) HPs)
             Began as a Gnoll Conjurer on Sept 9, 2018.
             Was an Initiate of Sif Muna.
             Engulfed by a steam dragon's steam (9 damage)
             ... on level 7 of the Dungeon.
             The game lasted 00:26:55 (6163 turns).

JedernureinKreuz the Conjurer (Gnoll Conjurer)      Turns: 6163, Time: 00:26:56

HP:   0/58 (59)     AC:  4    Str: 13    XL:     8   Next: 96%
MP:   8/17          EV: 15    Int: 25    God:    Sif Muna [......]
Gold: 344           SH:  0    Dex: 16    Spells: 11/19 levels left

rFire    . . .     SeeInvis .   y - +0 short sword
rCold    . . .     Gourm    .   (no shield)
rNeg     + . .     Faith    .   d - +1 leather armour
rPois    .         Spirit   .   (no helmet)
rElec    .         Reflect  .   (no cloak)
rCorr    .         Harm     .   (no gloves)
MR       .....                  (no boots)
Stlth    +++.......             (no amulet)
HPRegen  0.19/turn              I - ring "Segeax" {Str+3 Int+5}
MPRegen  0.15/turn              A - ring of positive energy

@: about to teleport, very slightly contaminated
A: distributed training, fangs 1, strong nose
a: Renounce Religion


You were on level 7 of the Dungeon.
You worshipped Sif Muna.
Sif Muna was noncommittal.
You were not hungry.

You visited 1 branch of the dungeon, and saw 7 of its levels.

You collected 344 gold pieces.

Inventory:

Hand Weapons
 e - a +0 dagger
 y - a +0 short sword (weapon)
 D - a +2 mace of protection
 E - a cursed +0 rapier
 H - a +0 shortbow
 K - a +4 mace of protection
Missiles
 i - 302 stones (quivered)
 n - 100 arrows
 q - 53 sling bullets
 C - 25 poisoned needles
 G - 29 bolts
Armour
 a - a +0 robe
 d - a +1 leather armour (worn)
Jewellery
 A - a ring of positive energy (right hand)
 B - an uncursed ring of ice
 I - the ring "Segeax" (left hand) {Str+3 Int+5}
   (You found it on level 6 of the Dungeon)

   [ring of intelligence]

   It affects your strength (+3).
   It affects your intelligence (+5).
Wands
 v - a wand of paralysis (30)
 L - a wand of iceblast (7)
Scrolls
 j - 4 scrolls of identify
 l - 2 scrolls of magic mapping
 m - 5 scrolls of teleportation
 t - 2 scrolls of fear
 x - a scroll of enchant armour
 z - 5 scrolls of remove curse
 F - a scroll of noise
Potions
 b - 4 potions of curing {unknown}
 f - a potion of berserk rage {unknown}
 g - 3 potions of flight
 h - 2 potions of invisibility {unknown}
 k - a potion of resistance {unknown}
 o - a potion of agility {unknown}
 p - 2 potions of degeneration {unknown}
 r - 2 potions of magic {unknown}
 s - a potion of haste
 u - a potion of mutation {unknown}
 w - a potion of lignification {unknown}
Comestibles
 c - 10 rations
 J - 3 chunks of flesh


   Skills:
 + Level 3.6 Fighting
 + Level 3.6 Short Blades
 + Level 3.6 Long Blades
 + Level 3.6 Axes
 + Level 3.6 Maces & Flails
 + Level 3.6 Polearms
 + Level 3.6 Staves
 + Level 3.6 Slings
 + Level 3.6 Bows
 + Level 3.6 Crossbows
 + Level 3.6 Throwing
 + Level 3.6 Armour
 + Level 5.9 Dodging
 + Level 5.6 Stealth
 + Level 3.6 Shields
 + Level 3.6 Unarmed Combat
 + Level 6.2 Spellcasting
 + Level 7.8 Conjurations
 + Level 3.0 Hexes
 + Level 3.0 Charms
 + Level 3.0 Summonings
 + Level 3.0 Necromancy
 + Level 3.0 Translocations
 + Level 3.0 Transmutations
 + Level 3.0 Fire Magic
 + Level 3.0 Ice Magic
 + Level 3.0 Air Magic
 + Level 3.0 Earth Magic
 + Level 3.0 Poison Magic
 + Level 4.0 Invocations
 + Level 3.6 Evocations


You had 11 spell levels left.
You knew the following spells:

 Your Spells              Type           Power        Failure   Level  Hunger
a - Magic Dart            Conj           ####         1%          1    None
b - Iskenderun's Mystic   Conj           #####...     3%          4    ###....
c - Dazzling Spray        Conj/Hex       ####..       3%          3    None

Your spell library contained the following spells:

 Spells                   Type           Power        Failure   Level  Hunger
 Searing Ray              Conj           #####.       1%          2    None
 Force Lance              Conj/Tloc      ####....     10%         4    ###....
 Fulminant Prism          Conj/Hex       ####......   10%         4    ###....


Dungeon Overview and Level Annotations

Branches:
Dungeon (7/15)
 Temple: D:4-7

Altars:
Ashenzari
Dithmenos
Elyvilon
Gozag
Hepliaklqana
Kikubaaqudgha
Makhleb
Qazlal
Sif Muna
Vehumet
Wu Jian


Innate Abilities, Weirdness & Mutations

Your experience applies equally to all skills.
You have very sharp teeth.
Your uncanny sense of smell can sniff out nearby items.


Message History

The magic dart hits the steam dragon.
The steam dragon is moderately wounded.
The steam dragon bites you but does no damage.
The steam dragon barely misses you.
Casting: Magic Dart (safe; 1% risk of failure)
Confirm with . or Enter, or press ? or * to list all spells.
Aiming: Magic Dart (safe; 1% risk of failure)
Press: ? - help, Shift-Dir - straight line, f/p - steam dragon
Aim: a steam dragon (moderately wounded)
The magic dart hits the steam dragon.
The steam dragon is moderately wounded.
The steam dragon completely misses you. The steam dragon claws you.
As you read the scroll of teleportation, it crumbles to dust.
You feel strangely unstable. The steam dragon completely misses you.
The steam dragon claws you. The steam dragon breathes steam at you.
The ball of steam hits you!
* * * LOW HITPOINT WARNING * * *
You are engulfed in a cloud of scalding steam.
You die...

#.#.#.#.##.# #.#.#.#.##.# ∆
#.#.#.#.##.# ∆#.#.#.#.##.# ∆
#####.#.#.#.##.# ≈#######
###≈≈≈..#.#.#.##.#
≈≈.P...#######≈.P.≈..#.#....#.#
..............≈P.≈≈..#.###..#.#
≈≈P≈.P≈.P....D§§@§§..#......#.#
P#########P^^.≈≈.§P..#####.##
########≈.........#
############ ∆


There were no monsters in sight!

Vanquished Creatures
  3 phantoms
  An ice beast (D:6)
  A necrophage (D:5)
  3 ogres
  2 centaurs
  A scorpion (D:4)
  A howler monkey (D:5)
  2 crimson imps
  An orc wizard (D:4)
  2 jellies
  A hound (D:5)
  A bullfrog skeleton (D:5)
  3 orc priests
  Terence (D:2)
  2 iguanas (D:7)
  Natasha (thrice) (D:2)
  A worker ant (D:5)
  A hound zombie (D:7)
  A worker ant zombie (D:7)
  4 adders
  3 adder skeletons
  6 worms
  2 dart slugs (D:1)
  6 leopard geckos
  12 orcs
  11 bats
  5 giant cockroaches
  7 goblins
  8 hobgoblins
  5 jackals
  5 kobolds
  3 quokkas
  2 ball pythons
  A ball python skeleton (D:4)
  5 frilled lizards
  A leopard gecko zombie (D:6)
  10 rats
127 creatures vanquished.

Vanquished Creatures (others)
  4 fungi (D:7)
4 creatures vanquished.

Grand Total: 131 creatures vanquished

Notes
Turn   | Place    | Note
-------+----------+-------------------------------------------
     0 | D:1      | JedernureinKreuz the Gnoll Conjurer began the quest for the
                  | Orb.
     0 | D:1      | Reached XP level 1. HP: 13/13 MP: 6/6
    74 | D:1      | Reached XP level 2. HP: 19/19 MP: 4/7
   531 | D:1      | Reached XP level 3. HP: 25/25 MP: 3/9
   623 | D:1      | Reached skill level 5 in Spellcasting
   992 | D:2      | Reached skill level 1 in Invocations
  1000 | D:2      | Noticed Terence
  1093 | D:2      | Killed Terence
  1093 | D:2      | Reached skill level 1 in Fighting
  1093 | D:2      | Reached skill level 1 in Short Blades
  1093 | D:2      | Reached skill level 1 in Long Blades
  1093 | D:2      | Reached skill level 1 in Axes
  1093 | D:2      | Reached skill level 1 in Maces & Flails
  1093 | D:2      | Reached skill level 1 in Polearms
  1093 | D:2      | Reached skill level 1 in Staves
  1093 | D:2      | Reached skill level 1 in Slings
  1093 | D:2      | Reached skill level 1 in Bows
  1093 | D:2      | Reached skill level 1 in Crossbows
  1093 | D:2      | Reached skill level 1 in Throwing
  1093 | D:2      | Reached skill level 1 in Armour
  1093 | D:2      | Reached skill level 1 in Shields
  1093 | D:2      | Reached skill level 1 in Unarmed Combat
  1093 | D:2      | Reached skill level 1 in Evocations
  1093 | D:2      | Reached XP level 4. HP: 19/32 MP: 2/11
  1228 | D:2      | Found a hazy altar of Hepliaklqana.
  1277 | D:2      | Noticed Natasha
  1284 | D:2      | Killed Natasha
  1284 | D:2      | Reached skill level 1 in Hexes
  1284 | D:2      | Reached skill level 1 in Charms
  1284 | D:2      | Reached skill level 1 in Summonings
  1284 | D:2      | Reached skill level 1 in Necromancy
  1284 | D:2      | Reached skill level 1 in Translocations
  1284 | D:2      | Reached skill level 1 in Transmutations
  1284 | D:2      | Reached skill level 1 in Fire Magic
  1284 | D:2      | Reached skill level 1 in Ice Magic
  1284 | D:2      | Reached skill level 1 in Air Magic
  1284 | D:2      | Reached skill level 1 in Earth Magic
  1284 | D:2      | Reached skill level 1 in Poison Magic
  1489 | D:2      | Noticed Natasha
  1496 | D:2      | Killed Natasha
  1496 | D:2      | Reached XP level 5. HP: 10/37 MP: 7/12
  1816 | D:2      | Noticed Natasha
  1834 | D:2      | Killed Natasha
  2483 | D:3      | Found a burning altar of Makhleb.
  2734 | D:4      | Learned a level 4 spell: Iskenderun's Mystic Blast
  2738 | D:4      | Learned a level 3 spell: Dazzling Spray
  2791 | D:4      | Found a shadowy altar of Dithmenos.
  2834 | D:4      | Found a stormy altar of Qazlal.
  2935 | D:4      | Reached XP level 6. HP: 33/44 MP: 5/13
  3164 | D:4      | Reached skill level 5 in Dodging
  3362 | D:4      | Found an opulent altar of Gozag.
  3373 | D:4      | Found a shattered altar of Ashenzari.
  3377 | D:4      | Found a white marble altar of Elyvilon.
  3632 | D:5      | Entered Level 5 of the Dungeon
  3716 | D:5      | Reached XP level 7. HP: 28/50 MP: 15/15
  4220 | D:5      | Reached skill level 5 in Stealth
  4289 | D:5      | Reached XP level 8. HP: 28/56 MP: 7/16
  4489 | D:5      | Found a radiant altar of Vehumet.
  4491 | D:5      | Found an ancient bone altar of Kikubaaqudgha.
  4491 | D:5      | Found a deep blue altar of Sif Muna.
  4496 | D:5      | Identified Vehumet's Collected Works on Attacks
  4505 | D:5      | Became a worshipper of Sif Muna the Loreminder
  4640 | D:5      | Found an ornate altar of the Wu Jian Council.
  4920 | D:6      | Got a crude golden ring
  5437 | D:6      | Identified the ring "Segeax" {Str+3 Int+5} (You found it on
                  | level 6 of the Dungeon)
  6163 | D:7      | Engulfed by a steam dragon's steam

Skill      XL: |  1  2  3  4  5  6  7  8 |
---------------+-------------------------+-----
Spellcasting   | 5 6 |  6.2
Invocations    | 1 2 3 4 |  4.0
Fighting       | 1 2 3 |  3.6
Short Blades   | 1 2 3 |  3.6
Long Blades    | 1 2 3 |  3.6
Axes           | 1 2 3 |  3.6
Maces & Flails | 1 2 3 |  3.6
Polearms       | 1 2 3 |  3.6
Staves         | 1 2 3 |  3.6
Slings         | 1 2 3 |  3.6
Bows           | 1 2 3 |  3.6
Crossbows      | 1 2 3 |  3.6
Throwing       | 1 2 3 |  3.6
Armour         | 1 2 3 |  3.6
Shields        | 1 2 3 |  3.6
Unarmed Combat | 1 2 3 |  3.6
Evocations     | 1 2 3 |  3.6
Hexes          | 1 2 3 |  3.0
Charms         | 1 2 3 |  3.0
Summonings     | 1 2 3 |  3.0
Necromancy     | 1 2 3 |  3.0
Translocations | 1 2 3 |  3.0
Transmutations | 1 2 3 |  3.0
Fire Magic     | 1 2 3 |  3.0
Ice Magic      | 1 2 3 |  3.0
Air Magic      | 1 2 3 |  3.0
Earth Magic    | 1 2 3 |  3.0
Poison Magic   | 1 2 3 |  3.0
Dodging        | 5 |  5.9
Stealth        | 5 |  5.6
Conjurations   | |  7.8

Action                   |  1- 3 |  4- 6 |  7- 9 || total
-------------------------+-------+-------+-------++-------
Melee: Dagger            |    34 |    37 |       ||    71
       Bite              |     1 |    10 |     7 ||    18
       Short sword       |       |    22 |    89 ||   111
Throw: Stone             |       |       |     2 ||     2
 Cast: Magic Dart        |    55 |   115 |   163 ||   333
       Iskenderun's Myst |       |     3 |     8 ||    11
       Dazzling Spray    |       |       |     6 ||     6
  Use: Scroll            |     2 |     2 |     9 ||    13
 Stab: Sleeping          |     2 |       |       ||     2
       Invisible         |       |       |     4 ||     4
  Eat: Chunk             |       |     7 |     7 ||    14
       Ration            |       |     1 |       ||     1
Armor: Leather armour    |    11 |    11 |    29 ||    51
Dodge: Dodged            |    39 |    70 |   132 ||   241
